 Dungeon Crawl Stone Soup version 0.24.0-123-gd5b16e6ec5 (webtiles) character file.

Game seed: 11714019450072124739, levelgen mode: deterministic

166 DungeonDestroyer the Shield-Bearer (level 5, 0/47 HPs)
             Began as a Gnoll Fighter on Jan 3, 2020.
             Succumbed to Ijyb's poison
             ... on level 4 of the Dungeon.
             The game lasted 00:06:23 (2145 turns).

DungeonDestroyer the Shield-Bearer (Gnoll Fighter)  Turns: 2145, Time: 00:06:23

Health: 0/47       AC: 14    Str: 19 (20) XL:     5   Next: 47%
Magic:  7/7        EV:  6    Int:  8 (10) God:
Gold:   173        SH: 10    Dex: 11 (14) Spells: 6/6 levels left

rFire    . . .     SeeInvis .   a - +0 war axe
rCold    . . .     Gourm    .   c - +0 shield
rNeg     . . .     Faith    .   s - +0 chain mail
rPois    .         Spirit   .   t - +0 helmet
rElec    .         Reflect  .   (no cloak)
rCorr    +         Harm     .   v - +0 pair of gloves
MR       .....                  y - +0 pair of boots
Stlth    ..........             (no amulet)
HPRegen  0.15/turn              m - ring of resist corrosion
MPRegen  0.10/turn              o - ring of stealth

@: lethally poisoned (0 -> -17)
A: distributed training, fangs 1, strong nose
a: no special abilities


You were on level 4 of the Dungeon.
You were not hungry.

You visited 1 branch of the dungeon, and saw 4 of its levels.

You collected 173 gold pieces.

Inventory:

Hand Weapons
 a - a +0 war axe (weapon)
Missiles
 e - 73 stones (quivered)
 i - 40 arrows
 j - 48 bolts
 l - 8 silver javelins
 r - 16 sling bullets
 z - 2 javelins
Armour
 c - a +0 shield (worn)
 s - a +0 chain mail (worn)
 t - a +0 helmet (worn)
 v - a +0 pair of gloves (worn)
 y - a +0 pair of boots (worn)
Jewellery
 m - a ring of resist corrosion (left hand)
 o - a ring of stealth (right hand)
 x - a +5 ring of strength
Wands
 g - a wand of iceblast (10)
Scrolls
 h - 3 scrolls of identify
 n - a scroll of teleportation
 q - 2 scrolls of blinking
 u - 3 scrolls of remove curse
 w - a scroll of amnesia
 A - a scroll of fog
 B - a scroll of random uselessness {unknown}
Potions
 b - a potion of flight
 d - a potion of might
 k - 2 potions of heal wounds
 p - a potion of curing
Comestibles
 f - 9 rations


   Skills:
 + Level 6.7 Fighting
 + Level 1.4 Short Blades
 + Level 1.4 Long Blades
 + Level 4.8 Axes
 + Level 1.4 Maces & Flails
 + Level 1.4 Polearms
 + Level 1.4 Staves
 + Level 1.4 Slings
 + Level 1.4 Bows
 + Level 1.4 Crossbows
 + Level 1.4 Throwing
 + Level 6.7 Armour
 + Level 1.4 Dodging
 + Level 1.4 Stealth
 + Level 6.7 Shields
 + Level 1.4 Unarmed Combat
 + Level 1.4 Spellcasting
 + Level 1.1 Conjurations
 + Level 1.1 Hexes
 + Level 1.1 Charms
 + Level 1.1 Summonings
 + Level 1.1 Necromancy
 + Level 1.1 Translocations
 + Level 1.1 Transmutations
 + Level 1.1 Fire Magic
 + Level 1.1 Ice Magic
 + Level 1.1 Air Magic
 + Level 1.1 Earth Magic
 + Level 1.1 Poison Magic
 + Level 1.6 Invocations
 + Level 1.4 Evocations


You had 6 spell levels left.
You didn't know any spells.
Your spell library was empty.

Dungeon Overview and Level Annotations

Branches:
Dungeon (4/15)
 Temple: D:4-7

Altars:


Innate Abilities, Weirdness & Mutations

Your experience applies equally to all skills.
You have very sharp teeth.
Your uncanny sense of smell can sniff out nearby items.


Message History

You feel sick. Ijyb hits you but does no damage.
You are more poisoned.
You slash Ijyb!
You kill Ijyb!
You hit the ogre.
* * * LOW HITPOINT WARNING * * *
You feel very sick. The ogre completely misses you.
* * * LOW HITPOINT WARNING * * *
You feel sick.
Items here: ! ) / [ a +1 dagger of venom; a +0 leather armour; a wand of enslavement (6) a potion of curing
* * * LOW HITPOINT WARNING * * *
You feel sick.
* * * LOW HITPOINT WARNING * * *
You feel sick.
* * * LOW HITPOINT WARNING * * *
You feel sick.
You die...

#......#.#..........# ...
#............####.####...
#######......# #........
#......####.......#
#.................#
#..#...####........
#.........#........
#...)....$#........
#.@..$....#........
#..###...#.......#.
##.###.O## ...#.......#.
#<.......# ..#.......#.
#..#.#.).# .#.......#. #
...#...# .........#. #.#.
##.## .#.......#. # #.
..) #.......## . .....


You could see an ogre.

Vanquished Creatures
  Ijyb (D:4)
  3 adders
  5 worms
  A dart slug (D:1)
  A leopard gecko (D:2)
  10 orcs (D:3)
  2 ball pythons
  12 bats
  8 giant cockroaches
  9 goblins
  8 hobgoblins
  5 jackals
  A quokka (D:2)
  4 frilled lizards
  4 kobolds
  13 rats
87 creatures vanquished.

Notes
Turn   | Place    | Note
-------+----------+-------------------------------------------
     0 | D:1      | DungeonDestroyer the Gnoll Fighter began the quest for the
                  | Orb.
     0 | D:1      | Reached XP level 1. HP: 23/23 MP: 1/1
   103 | D:1      | Reached XP level 2. HP: 29/29 MP: 2/2
   312 | D:1      | Reached XP level 3. HP: 32/35 MP: 3/3
   761 | D:2      | Reached skill level 1 in Invocations
   859 | D:2      | Reached skill level 1 in Short Blades
   859 | D:2      | Reached skill level 1 in Long Blades
   859 | D:2      | Reached skill level 1 in Maces & Flails
   859 | D:2      | Reached skill level 1 in Polearms
   859 | D:2      | Reached skill level 1 in Staves
   859 | D:2      | Reached skill level 1 in Slings
   859 | D:2      | Reached skill level 1 in Bows
   859 | D:2      | Reached skill level 1 in Crossbows
   859 | D:2      | Reached skill level 1 in Throwing
   859 | D:2      | Reached skill level 1 in Dodging
   859 | D:2      | Reached skill level 1 in Stealth
   859 | D:2      | Reached skill level 1 in Unarmed Combat
   859 | D:2      | Reached skill level 1 in Spellcasting
   859 | D:2      | Reached skill level 1 in Evocations
   865 | D:2      | Reached XP level 4. HP: 35/41 MP: 5/5
  1330 | D:3      | Reached skill level 1 in Conjurations
  1330 | D:3      | Reached skill level 1 in Hexes
  1330 | D:3      | Reached skill level 1 in Charms
  1330 | D:3      | Reached skill level 1 in Summonings
  1330 | D:3      | Reached skill level 1 in Necromancy
  1330 | D:3      | Reached skill level 1 in Translocations
  1330 | D:3      | Reached skill level 1 in Transmutations
  1330 | D:3      | Reached skill level 1 in Fire Magic
  1330 | D:3      | Reached skill level 1 in Ice Magic
  1330 | D:3      | Reached skill level 1 in Air Magic
  1330 | D:3      | Reached skill level 1 in Earth Magic
  1330 | D:3      | Reached skill level 1 in Poison Magic
  1656 | D:3      | Reached XP level 5. HP: 47/47 MP: 6/6
  2107 | D:4      | Noticed Ijyb
  2136 | D:4      | Noticed an ogre
  2140 | D:4      | Killed Ijyb
  2144 | D:4      | HP: 1/47 [poisoned by Ijyb]
  2145 | D:4      | Succumbed to Ijyb's poison

Levels and vault maps discovered:
D:1:      dpeg_arrival_snail, layout_basic
D:2:      layout_rooms
D:3:      layout_basic, minmay_joined_circles
D:4:      layout_basic, overflow_temple_1_default, uniq_edmund, uniq_ijyb

Skill      XL: |  1  2  3  4 |
---------------+-------------+-----
Invocations    | 1 |  1.6
Short Blades   | 1 |  1.4
Long Blades    | 1 |  1.4
Maces & Flails | 1 |  1.4
Polearms       | 1 |  1.4
Staves         | 1 |  1.4
Slings         | 1 |  1.4
Bows           | 1 |  1.4
Crossbows      | 1 |  1.4
Throwing       | 1 |  1.4
Dodging        | 1 |  1.4
Stealth        | 1 |  1.4
Unarmed Combat | 1 |  1.4
Spellcasting   | 1 |  1.4
Evocations     | 1 |  1.4
Conjurations   | 1 |  1.1
Hexes          | 1 |  1.1
Charms         | 1 |  1.1
Summonings     | 1 |  1.1
Necromancy     | 1 |  1.1
Translocations | 1 |  1.1
Transmutations | 1 |  1.1
Fire Magic     | 1 |  1.1
Ice Magic      | 1 |  1.1
Air Magic      | 1 |  1.1
Earth Magic    | 1 |  1.1
Poison Magic   | 1 |  1.1
Fighting       | |  6.7
Axes           | |  4.8
Armour         | |  6.7
Shields        | |  6.7

Action                   |  1- 3 |  4- 6 || total
-------------------------+-------+-------++-------
Melee: War axe           |    90 |   133 ||   223
       Bite              |     8 |    14 ||    22
  Use: Scroll            |     4 |     5 ||     9
       Potion            |       |     7 ||     7
  Eat: Chunk             |       |     4 ||     4
Armor: Scale mail        |    40 |    18 ||    58
       Chain mail        |       |    21 ||    21
Dodge: Dodged            |    32 |    27 ||    59
Block: Shield            |    61 |    63 ||   124
